 Seeded DCSS version 0.30-a0-576-g89cddaab80 (webtiles) character file.

Game seed: 4841621037656573705 (custom seed)

35752 purpskrrrp the Envoy of Void (level 13, -2/113 HPs)
             Began as a Demonspawn Fighter on Dec 31, 2022.
             Was a High Priest of Lugonu.
             Slain by a white ugly thing (14 damage)
             ... on level 15 of the Dungeon.
             The game lasted 00:37:37 (15143 turns).

purpskrrrp the Envoy of Void (Demonspawn Fighter)  Turns: 15143, Time: 00:37:37

Health: -2/113     AC: 28    Str: 27    XL:     13   Next: 49%
Magic:  23/23      EV:  8    Int:  5    God:    Lugonu [*****.]
Gold:   349        SH:  0    Dex: 16    Spells: 12/12 levels left

rFire   x . .      SeeInvis +    w - +3 broad axe (flame)
rCold   + . .      Faith    .    (no shield)
rNeg    . . .      Spirit   .    e - +5 plate armour of Xuotzam {Fly Str+2 SInv Stlth-}
rPois   +          Reflect  .    J - +0 helmet of Somewhere Else {rPois}
rElec   +          Harm     .    y - +1 cloak
rCorr   .          Rampage  .    n - +2 pair of gloves
Will    .....                    Q - +0 pair of boots Stlth
                                 (no amulet)
HPRegen 0.00/turn                d - ring "Uclaepp" {Fly rElec}
MPRegen 0.18/turn                E - ring "Zadghef" {Ice Int-4 Dex+4 Slay+4}

@: flying, inhibited regen, hasted, very quick
A: powered by death 2, spiny 2, sharp scales 1, demonic touch 2, robust 1,
inhibited regeneration, strong 1, evolution 1, sturdy frame 1
a: Renounce Religion, Depart the Abyss, Banish, Corrupt, Enter the Abyss


You were on level 15 of the Dungeon.
You worshipped Lugonu.
Lugonu was extremely pleased with you.
You visited 1 branch of the dungeon, and saw 15 of its levels.
You also visited: Bailey.

You collected 1038 gold pieces.
You spent 689 gold pieces at shops.

Inventory:

Hand Weapons
 a - a +0 war axe
 w - a +3 broad axe of flaming (weapon)
Missiles
 o - 3 throwing nets (quivered)
 v - 21 boomerangs
Armour
 b - a +0 scale mail
 c - a +0 buckler
 e - the +5 plate armour of Xuotzam (worn) {Fly Str+2 SInv Stlth-}
   (You found it on level 5 of the Dungeon)

   Str:       It affects your strength (+2).
   SInv:      It lets you see invisible.
   Fly:       It grants you flight.
   Stlth:     It makes you less stealthy.
 n - a +2 pair of gloves (worn)
 y - a +1 cloak (worn)
 J - the +0 helmet of Somewhere Else (worn) {rPois}
   (You bought it in a shop on level 10 of the Dungeon)

   rPois:     It protects you from poison.
 Q - a +0 pair of boots (worn)
Jewellery
 d - the ring "Uclaepp" (left hand) {Fly rElec}
   (You found it on level 4 of the Dungeon)

   [ring of flight]

   rElec:     It insulates you from electricity.
   Fly:       It grants you flight.
 j - a ring of protection from fire
 p - a ring of fire
 u - a +6 ring of intelligence
 z - a ring of magical power
 E - the ring "Zadghef" (right hand) {Ice Int-4 Dex+4 Slay+4}
   (You acquired it on level 10 of the Dungeon)

   [ring of ice]

   It enhances your ice magic.
   Int:       It affects your intelligence (-4).
   Dex:       It affects your dexterity (+4).
   Slay:      It affects your accuracy & damage with ranged weapons and melee
   (+4).
   rF:        It makes you vulnerable to fire.
   rC:        It protects you from cold.
 I - a +5 ring of evasion
 M - a ring of flight
 R - an amulet of magic regeneration
Wands
 t - a wand of flame (4)
 A - a wand of digging (4)
 B - a wand of light (9)
 C - a wand of paralysis (9)
 G - a wand of roots (5)
 P - a wand of mindburst (13)
Scrolls
 f - 3 scrolls of vulnerability
 k - 3 scrolls of amnesia
 x - 5 scrolls of teleportation
 H - 2 scrolls of fog
 L - a scroll of blinking
 N - a scroll of fear
 O - 6 scrolls of identify
Potions
 g - 4 potions of degeneration
 h - 5 potions of brilliance
 i - 2 potions of magic
 l - 4 potions of lignification
 m - 2 potions of mutation
 q - a potion of haste
 r - 6 potions of curing
 s - 4 potions of attraction
 K - a potion of resistance
Miscellaneous
 F - a phantom mirror


   Skills:
 + Level 10.1 Fighting
 * Level 12.5 Axes
 + Level 9.2 Armour
 - Level 2.6 Shields
 + Level 8.7 Unarmed Combat
 - Level 13.5 Invocations


You had 12 spell levels left.
You didn't know any spells.
Your spell library contained the following spells:

 Spells                   Type           Power      Damage    Failure   Level
 Freeze                   Ice            0%         1d3       97%         1
 Magic Dart               Conj           0%         1d3       97%         1
 Shock                    Conj/Air       0%         1d3       97%         1
 Scorch                   Fire           0%         2d5       99%         2
 Searing Ray              Conj           0%         2d4       99%         2
 Static Discharge         Conj/Air       0%         2-2/arc   99%         2
 Frozen Ramparts          Ice            0%         1d1       100%        3
 Hailstorm                Conj/Ice       0%         3d3       100%        3
 Inner Flame              Hex/Fire       0%         N/A       100%        3
 Swiftness                Air            0%         N/A       100%        3
 Vhi's Electric Charge    Tloc/Air       0%         N/A       100%        3
 Airstrike                Air            0%         2d(0-16)  100%        4
 Cause Fear               Hex            0%         N/A       100%        4
 Flame Wave               Conj/Fire      0%         2d4       100%        4
 Fulminant Prism          Conj/Hex       0%         3d5       100%        4
 Arcjolt                  Conj/Air       0%         1d10      100%        5
 Lightning Bolt           Conj/Air       0%         1d11      100%        5
 Summon Cactus Giant      Summ           0%         N/A       100%        6
 Discord                  Hex            0%         N/A       100%        8


Dungeon Overview and Level Annotations

Branches:
Dungeon (15/15)            Temple (0/1) D:6            Lair (0/5) D:9
    Orc (0/2) D:10         Vaults (0/5) D:14         Bailey (visited)
 Depths: D:15

Altars:
Ashenzari
Cheibriados
Fedhas
Gozag
Kikubaaqudgha
Sif Muna
Vehumet
Wu Jian
Yredelemnul
Lugonu

Shops:
D:5 :*   D:6 ?   D:10 *   D:11 *

Annotations:
Abyss:1 Psyche, Snorg


Innate Abilities, Weirdness & Mutations

You regenerate health from kills.
You are mostly covered in sharp spines.
You are partially covered in razor-sharp scales. (AC +1, Slay +1)
Your touch may inflict irresistible damage on your foes.
You are robust. (+10% HP)
You do not regenerate when monsters are visible.
Your muscles are strong. (Str +4, Int/Dex -1)
You have hidden genetic potential.
Your movements are slightly less encumbered by armour. (ER -2)


Message History

The deep elf knight hits you but does no damage.
You closely miss the deep elf knight.
The deep elf knight is severely wounded.
The deep elf knight points at you and mumbles some strange words.
The shard of ice hits you! You partially resist.
You hit the deep elf knight. You burn the deep elf knight.
The deep elf knight is almost dead.
The deep elf knight hits you with a +0 short sword.
You miss the deep elf knight.
The deep elf knight is almost dead.
The deep elf knight casts a spell at you.
The lance of force hits you but does no damage.
The deep elf knight blocks your attack.
Your touch misses the deep elf knight.
The deep elf knight is almost dead.
The deep elf knight hits you with a +0 short sword!
You closely miss the deep elf knight.
The deep elf knight is almost dead.
The deep elf knight points at you and mumbles some strange words.
The lance of force hits you!
You are knocked back by the lance of force.
The green ugly thing basks in the mutagenic energy from its kin and changes!
The deep elf knight hits you with a +0 short sword.
* * * LOW HITPOINT WARNING * * *
You barely miss the deep elf knight.
The deep elf knight is almost dead.
The deep elf knight gestures at you while chanting.
The shard of ice hits you!! You partially resist.
* * * LOW HITPOINT WARNING * * *
The white ugly thing basks in the mutagenic energy from its kin and changes!
You slash the deep elf knight! You burn the deep elf knight.
You kill the deep elf knight!
Lugonu accepts your kill.
Your phantom mirror has recharged.
You hit the white ugly thing. You burn the white ugly thing.
You touch the white ugly thing!
The white ugly thing is moderately wounded.
The white ugly thing gores you.
* * * LOW HITPOINT WARNING * * *
The white ugly thing freezes you! You resist.
You die...

.....#eu #..<#
..e..u ##### #..#.
# ### #...#.##..
... #......... ...
##.e###.... ...
#.......... ..
#.#u##############.
..
#.#..eeu@..........
.
#.#.#########......
##.#.# #####
###....#####
#..........####
#.#....##......
#.##.......###
#.##..#....#
#.##...##..#


You could see 2 ugly things and 2 deep elf archers.

Vanquished Creatures
  A yaktaur captain (D:14)
  2 vault guards (Bailey)
  2 catoblepae
  5 centaur warriors
  An ogre mage (D:9)
  A boulder beetle (D:15)
  2 two-headed ogres
  2 deep elf knights (D:15)
  Sonja (D:11)
  7 skeletal warriors (D:14)
  Pikel (D:5)
  An orc knight (D:15)
  4 deep elf pyromancers
  An ugly thing (D:13)
  3 cyclopes
  3 gargoyles
  Joseph (D:8)
  2 unseen horrors
  3 kobold demonologists
  2 yaktaurs (D:14)
  Maggie (D:7)
  3 trolls
  A hornet (D:7)
  A slime creature (D:9)
  Prince Ribbit (Bailey)
  Sigmund (D:5)
  A shadow (D:9)
  A wraith (D:11)
  A water elemental (D:12)
  11 yaks
  2 wyverns
  A human (shapeshifter) (D:14)
  A basilisk (D:9)
  7 humans (Bailey)
  3 steam dragons
  4 vampire mosquitoes
  Edmund (D:5)
  The ghost of Shayle the Conjurer, an amateur TeRe (D:3)
  2 acid dragons
  2 water moccasins
  A floating eye (D:10)
  12 orc warriors
  2 black bears
  A sky beast (D:7)
  An ice beast (D:5)
  An ogre (D:6)
  12 centaurs
  A lemure (D:5)
  7 kobold brigands
  2 gnoll sergeants
  14 bullfrogs
  A wight (D:9)
  7 killer bees
  5 howler monkeys
  An electric eel (D:12)
  A lava snake (D:14)
  4 hounds (D:5)
  A jelly (D:6)
  Crazy Yiuf (D:6)
  8 orc priests
  3 gnoll boudas (D:5)
  16 orc wizards
  A centaur simulacrum (D:9)
  26 gnolls
  9 adders
  3 shadow imps
  3 white imps
  A howler monkey simulacrum (D:9)
  2 ufetubi (D:4)
  2 worms (D:4)
  6 dart slugs
  70 orcs
  6 bats
  8 endoplasms
  4 giant cockroaches
  8 goblins
  9 hobgoblins
  4 jackals
  6 quokkas
  14 ball pythons
  4 frilled lizards
  10 kobolds
  8 rats
397 creatures vanquished.

Vanquished Creatures (others)
  A human (D:4)
  An orc (D:13)
  A fire vortex (D:14)
  7 plants
10 creatures vanquished.

Grand Total: 407 creatures vanquished

Notes
Turn   | Place    | Note
-------+----------+-------------------------------------------
     0 | D:1      | purpskrrrp the Demonspawn Fighter began the quest for the
                  | Orb.
     0 | D:1      | Reached XP level 1. HP: 18/18 MP: 1/1
   155 | D:1      | Gained mutation: Your touch may inflict minor irresistible
                  | damage on your foes. [demonic ancestry]
   155 | D:1      | Reached XP level 2. HP: 24/24 MP: 2/2
   588 | D:1      | Gained mutation: You regenerate a little health from kills.
                  | [demonic ancestry]
   588 | D:1      | Reached XP level 3. HP: 29/29 MP: 3/3
   869 | D:2      | Found a broken altar of Ashenzari.
   984 | D:2      | Reached skill level 1 in Unarmed Combat
  1459 | D:2      | Found a faded altar of an unknown god.
  1720 | D:2      | Prayed at the altar of an unknown god.
  1720 | D:2      | Became a worshipper of Lugonu the Unformed
  1720 | D:2      | Reached * piety under Lugonu
  1907 | D:3      | Reached skill level 1 in Invocations
  1907 | D:3      | Gained mutation: You regenerate health from kills. [demonic
                  | ancestry]
  1907 | D:3      | Reached XP level 4. HP: 34/35 MP: 4/4
  2022 | D:3      | Noticed Shayle's ghost (amateur TeRe)
  2030 | D:3      | Found a runed translucent gate.
  2030 | D:3      | Found a runed translucent gate.
  2172 | D:3      | Found a runed translucent gate.
  2427 | D:3      | Reached skill level 2 in Invocations
  2438 | D:3      | Reached XP level 5. HP: 40/41 MP: 6/6
  2444 | D:3      | Killed Shayle's ghost
  2445 | D:3      | Reached skill level 3 in Invocations
  2538 | D:4      | Identified the ring "Uclaepp" {Fly rElec}
  2627 | D:4      | Reached ** piety under Lugonu
  2683 | D:4      | Gained mutation: You are partially covered in sharp spines.
                  | [demonic ancestry]
  2683 | D:4      | Reached XP level 6. HP: 48/48 MP: 8/8
  3007 | D:4      | Found an ancient bone altar of Kikubaaqudgha.
  3008 | D:4      | Noticed a human
  3011 | D:4      | Killed a human
  3568 | D:5      | Entered Level 5 of the Dungeon
  3568 | D:5      | Noticed Pikel
  3611 | D:5      | Found Tyigriod's Book Boutique.
  3614 | D:5      | Reached skill level 4 in Invocations
  3656 | D:5      | Killed Pikel
  3657 | D:5      | Reached skill level 5 in Invocations
  3657 | D:5      | Reached XP level 7. HP: 34/55 MP: 9/11
  3793 | D:5      | Identified the +5 plate armour of Xuotzam {Fly Str+2 SInv
                  | Stlth-}
  3953 | D:5      | Found Hicid's General Store.
  4090 | D:5      | HP: 4/82 [poisoned by a gnoll]
  4292 | D:5      | Noticed Edmund
  4294 | D:5      | Noticed Sigmund
  4301 | D:5      | Killed Edmund
  4302 | D:5      | Reached skill level 5 in Axes
  4302 | D:5      | Reached skill level 6 in Invocations
  4302 | D:5      | Gained mutation: You are partially covered in razor-sharp
                  | scales. (AC +1, Slay +1) [demonic ancestry]
  4302 | D:5      | Reached XP level 8. HP: 61/61 MP: 12/12
  4305 | D:5      | Killed Sigmund
  4361 | D:5      | Reached *** piety under Lugonu
  4373 | D:5      | Reached skill level 5 in Fighting
  4677 | D:5      | Reached skill level 7 in Invocations
  5006 | D:6      | Found a runed translucent door.
  5007 | D:6      | Noticed Crazy Yiuf
  5126 | D:6      | Found Inwaicky's Magic Scroll Boutique.
  5138 | D:6      | Bought a scroll of identify for 28 gold pieces
  5138 | D:6      | Bought a scroll of brand weapon for 133 gold pieces
  5183 | D:6      | Found a staircase to the Ecumenical Temple.
  5270 | D:6      | Found an ornate altar of the Wu Jian Council.
  5317 | D:6      | Reached XP level 9. HP: 68/68 MP: 14/14
  5572 | D:6      | Killed Crazy Yiuf
  5573 | D:6      | Reached skill level 5 in Armour
  5643 | D:7      | Reached skill level 8 in Invocations
  5661 | D:7      | Found a radiant altar of Vehumet.
  5787 | D:7      | Noticed a cyclops
  5794 | D:7      | Killed a cyclops
  5897 | D:7      | Identified the +8 quarterstaff of Jeamiesayt {freeze, rPois
                  | Will++ Str+2 Dex-3}
  5909 | D:7      | Reached **** piety under Lugonu
  5995 | D:7      | Reached skill level 9 in Invocations
  6294 | D:7      | Noticed Maggie
  6303 | D:7      | Killed Maggie
  6543 | D:8      | Noticed Joseph
  6549 | D:8      | Noticed a two-headed ogre
  6555 | D:8      | Killed Joseph
  6556 | D:8      | Reached XP level 10. HP: 68/76 MP: 17/17
  6559 | D:8      | Banished a two-headed ogre
  6560 | D:8      | Reached skill level 5 in Unarmed Combat
  6560 | D:8      | Reached skill level 10 in Invocations
  6562 | D:8      | Identified the +3 ring mail "Pilyupil" {Str+2}
  6570 | D:8      | Noticed Psyche
  6573 | D:8      | Banished Psyche
  6680 | D:8      | Found a flagged portal.
  6695 | Bailey   | Entered a bailey
  6796 | Bailey   | Reached skill level 11 in Invocations
  6875 | Bailey   | Noticed a vault guard
  6897 | Bailey   | Killed a vault guard
  7001 | Bailey   | Noticed a vault guard
  7001 | Bailey   | Noticed Prince Ribbit
  7016 | Bailey   | Killed Prince Ribbit
  7017 | Bailey   | Gained mutation: You are mostly covered in sharp spines.
                  | [demonic ancestry]
  7017 | Bailey   | Reached XP level 11. HP: 50/84 MP: 19/19
  7021 | Bailey   | Killed a vault guard
  7800 | D:9      | Found a snail-covered altar of Cheibriados.
  7801 | D:9      | Found an opulent altar of Gozag.
  7856 | D:9      | Reached ***** piety under Lugonu
  8036 | D:9      | Found a staircase to the Lair.
  8103 | D:9      | Found a shimmering blue altar of Sif Muna.
  8153 | D:9      | Found a broken altar of Ashenzari.
  8213 | D:9      | Found a basalt altar of Yredelemnul.
  8248 | D:9      | Reached skill level 12 in Invocations
  8619 | D:9      | Found a blossoming altar of Fedhas.
  8710 | D:9      | Noticed an ogre mage
  8720 | D:9      | Paralysed by an ogre mage for 3 turns
  8724 | D:9      | Killed an ogre mage
  9015 | D:10     | Entered Level 10 of the Dungeon
  9336 | D:10     | Found a staircase to the Orcish Mines.
  9472 | D:10     | Noticed Snorg
  9506 | D:10     | Found Repnoduadd's Assorted Antiques.
  9514 | D:10     | Bought a scorched helmet for 304 gold pieces
  9514 | D:10     | Identified the +0 helmet of Somewhere Else {rPois} (You
                  | bought it in a shop on level 10 of the Dungeon)
  9557 | D:10     | Noticed a two-headed ogre
  9564 | D:10     | Killed a two-headed ogre
  9565 | D:10     | Reached skill level 13 in Invocations
  9773 | D:10     | Paralysed by a floating eye for 3 turns
  9811 | D:10     | Reached skill level 10 in Axes
  9822 | D:10     | Gained mutation: Your touch may inflict irresistible damage
                  | on your foes. [demonic ancestry]
  9822 | D:10     | Reached XP level 12. HP: 72/93 MP: 21/21
 10254 | D:10     | Identified a scroll of acquirement
 10254 | D:10     | Acquired the ring "Zadghef" {Ice Int-4 Dex+4 Slay+4}
 10322 | D:11     | Found Sunu's Assorted Antiques.
 10528 | D:11     | Noticed a two-headed ogre
 10533 | D:11     | Killed a two-headed ogre
 10825 | D:11     | Noticed Sonja
 10831 | D:11     | Killed Sonja
 11346 | D:5      | Bought a scroll of enchant armour for 112 gold pieces
 11346 | D:5      | Bought a scroll of blinking for 112 gold pieces
 11453 | D:12     | Found a blossoming altar of Fedhas.
 12376 | D:13     | Noticed a catoblepas
 12379 | D:13     | Killed a catoblepas
 12454 | D:13     | Identified the +7 war axe "Bingo" {drain, Fly rPois rCorr}
 12470 | D:13     | Noticed a centaur warrior
 12480 | D:13     | Killed a centaur warrior
 12571 | D:13     | Banished Snorg
 12965 | D:13     | Gained mutation: You have sharp toenails. [potion of
                  | mutation]
 12965 | D:13     | Gained mutation: You occasionally lose the ability to read
                  | scrolls when taking damage. [potion of mutation]
 12965 | D:13     | Lost mutation: You occasionally lose the ability to read
                  | scrolls when taking damage. [potion of mutation]
 12966 | D:13     | Lost mutation: You have sharp toenails. [potion of
                  | mutation]
 12966 | D:13     | Gained mutation: You have supernaturally acute eyesight.
                  | (SInv) [potion of mutation]
 12967 | D:13     | Lost mutation: You have supernaturally acute eyesight.
                  | (SInv) [potion of mutation]
 12967 | D:13     | Gained mutation: You do not regenerate when monsters are
                  | visible. [potion of mutation]
 12967 | D:13     | Gained mutation: You are robust. (+10% HP) [potion of
                  | mutation]
 12967 | D:13     | Gained mutation: Your muscles are strong. (Str +4, Int/Dex
                  | -1) [potion of mutation]
 12967 | D:13     | Gained mutation: You have hidden genetic potential. [potion
                  | of mutation]
 13044 | D:14     | Noticed a centaur warrior
 13047 | D:14     | Killed a centaur warrior
 13224 | D:14     | Noticed a catoblepas
 13232 | D:14     | Killed a catoblepas
 13333 | D:14     | Reached XP level 13. HP: 64/111 MP: 23/23
 13977 | D:14     | Found a gate to the Vaults.
 14701 | D:15     | Entered Level 15 of the Dungeon
 14989 | D:15     | Reached skill level 10 in Fighting
 15052 | D:15     | Gained mutation: Your movements are slightly less
                  | encumbered by armour. (ER -2) [hidden potential]
 15143 | D:15     | Slain by a white ugly thing

Illustrated notes

Levels and vault maps discovered:
D:1:      minmay_arrival_four_loops, layout_basic
D:2:      layout_loops_corners, shapermc_ecumenical_altar_petra, basic_altar
D:3:      layout_basic, amcnicky_altar_gilded, gammafunk_ghost_split
D:4:      layout_loops_corners, tgw_kikubaaqudgha, moated_statue,
          dk_noncrumbling_3
D:5:      layout_cave_pods, serial_gnoll_camp, gnoll_camp_mini_shop,
          gnoll_camp_mini_house, gnoll_camp_medium_02, gnoll_camp_mini_shop,
          sigmund_edmund_badplayer, uniq_sigmund, uniq_pikel
D:6:      layout_gridville, pdpol_wu_jian_five_deadly_venoms,
          minmay_temple_entry_large_hall, serial_shops, nicolae_shop_stone,
          uniq_crazy_yiuf_cottage
D:7:      layout_loops_ring, lemuel_coloured_pillars_altar,
          nicolae_vehumet_altar_sigil, kennysheep_donut,
          kennysheep_generic_room_11, uniq_maggie
D:8:      layout_gridville, zin_scriptorium, enter_bailey_4, uniq_psyche,
          uniq_joseph
D:9:      nzn_winding_woodlands_cross [nzn_winding_woodlands_5x15_lazy_stream,
          nzn_winding_woodlands_5x15_pockets,
          nzn_winding_woodlands_5x15_sawtooth,
          nzn_winding_woodlands_5x15_split_checker,
          nzn_winding_woodlands_15x15_thick_spiral], layout_small_grid,
          mainiacjoe_overflow_tiny_flanked, old_standard_altar,
          marbit_many_paths, lemuel_blue_sif_altar, nicolae_overflow_squiral,
          lair_entry_dummy
D:10:     layout_loops_ring, hiddenorc1_lemuel, serial_shops,
          nicolae_shop_statue_plus, minmay_fountain_box, moated_statue,
          onia_ninara_cookie, uniq_snorg
D:11:     layout_stronghold, serial_shops, nicolae_shop_overgrown_old_shop,
          uniq_sonja
D:12:     layout_irregular_city, minmay_crystal_water, fedhas_altar_2
D:13:     layout_irregular_city
D:14:     layout_long_grid, david_vaults_2, grunt_decor_mini_mirrors,
          kennysheep_crisscross
D:15:     grunt_enter_depths_snipers, layout_loops_ring,
          hangedman_abyss_or_decor_lesser_grid, nicolae_trove_entry_crossroad,
          special_room [special_room_orc], chequers_serial_rivers_micro_d

Skill      XL: |  1  2  3  4  5  6  7  8  9 10 11 12 13 |
---------------+----------------------------------------+-----
Axes           | 2 3 4 5 6 7 8 10 11 12 | 12.5
Armour         | 3 4 5 6 7 8 9 |  9.2
Unarmed Combat | 1 2 3 4 5 6 8 |  8.7
Invocations    | 1 2 3 5 6 7 9 11 13 | 13.5
Fighting       | 4 5 6 7 8 9 10 | 10.1
Shields        | |  2.6

Action                   |  1- 3 |  4- 6 |  7- 9 | 10-12 | 13-15 || total
-------------------------+-------+-------+-------+-------+-------++-------
Melee: War axe           |   112 |   113 |       |       |       ||   225
       Touch             |     7 |    24 |    29 |    86 |    17 ||   163
       Punch             |     1 |     4 |     3 |    20 |    10 ||    38
       Broad axe         |       |     9 |   156 |   395 |    88 ||   648
Throw: Throwing net      |       |       |     4 |     6 |       ||    10
       Boomerang         |       |       |       |     1 |       ||     1
Invok: Banish            |       |     1 |     1 |     7 |     1 ||    10
Evoke: Wand              |       |       |       |     3 |       ||     3
       Phantom mirror    |       |       |       |     1 |       ||     1
  Use: Potion            |       |     4 |     4 |     7 |     6 ||    21
       Scroll            |       |    11 |    10 |    12 |       ||    33
 Stab: Held in net/web   |       |       |       |     2 |       ||     2
       Invisible         |       |       |       |     2 |       ||     2
Armor: Scale mail        |    59 |    72 |     3 |       |       ||   134
       Plate armour      |       |       |   139 |   306 |    71 ||   516
Dodge: Dodged            |    72 |    78 |    53 |   118 |    34 ||   355
Block: Buckler           |     7 |       |       |       |       ||     7

Table legend: (Time is in decaauts)
 A = Elapsed time spent in this place.
 B = Non-inter-level travel time spent in this place.
 C = Inter-level travel time spent in this place.
 D = Time resting spent in this place.
 E = Time spent auto-exploring this place.
 F = Levels seen in this place.
 G = Mean time per level.
                   A        B        C        D        E       F      G
               +--------+--------+--------+--------+--------+-----+--------+
         Total |  15327 |  14376 |    951 |   1494 |   9934 |  16 |  957.9 |
       Dungeon |  14843 |  13892 |    951 |   1323 |   9853 |  15 |  989.5 |
        Bailey |    484 |    484 |      0 |    171 |     81 |   1 |  484.0 |
               +--------+--------+--------+--------+--------+-----+--------+

Top non-repeatable levels by time:
    D:14: 1660 daAuts
    D:10: 1364 daAuts
     D:5: 1349 daAuts
     D:9: 1289 daAuts
     D:4: 1119 daAuts
     D:2: 1057 daAuts
    D:11: 944 daAuts
     D:7: 923 daAuts
    D:12: 872 daAuts
     D:8: 815 daAuts
     D:3: 780 daAuts
     D:6: 777 daAuts
     D:1: 728 daAuts
    D:13: 726 daAuts
  Bailey: 484 daAuts
